 Dungeon Crawl Stone Soup version 0.17-a0-1804-gf6433eb (webtiles) character file.

104 masdan the Caller (level 4, -1/24 HPs)
             Began as a Deep Elf Summoner on May 21, 2015.
             Was a Follower of Elyvilon.
             Slain by shakdrar's ghost (9 damage)
             ... on level 4 of the Dungeon on Sept 11, 2015.
             The game lasted 00:26:12 (3653 turns).

masdan the Caller (Deep Elf Summoner)               Turns: 3653, Time: 00:26:13

Health: -1/24      AC:  2    Str:  5    XL:     4   Next: 52%
Magic:  12/12      EV: 13    Int: 21    God:    Elyvilon [*.....]
Gold:   214        SH:  0    Dex: 15    Spells: 4 memorised, 3 levels left

rFire  . . .     SeeInvis .     (no weapon)
rCold  . . .     Clarity  .     a - +0 robe
rNeg   . . .     SustAt   .     (no shield)
rPois  .         Gourm    .     (no helmet)
rElec  .         Spirit   .     (no cloak)
rCorr  .         Warding  .     (no gloves)
rMut   .         Stasis   .     (no boots)
MR     .....                    (no amulet)
Stlth  ++........               (no ring)
                                (no ring)

@: not resistant to hostile enchantments, unstealthy
A: no striking features
a: Lesser Healing, Divine Protection, Renounce Religion


You were on level 4 of the Dungeon.
You worshipped Elyvilon.
Elyvilon was aware of your devotion.
You were hungry.

You visited 1 branch of the dungeon, and saw 4 of its levels.

You collected 214 gold pieces.

Inventory:

Hand weapons
 k - a +0 short sword
 s - a +0 club
 u - a +0 dagger
 w - a +0 club
Armour
 a - a +0 robe (worn)
 v - a +0 scale mail
Jewellery
 l - an uncursed ring of flight {unknown}
Magical devices
 x - a wand of magic darts (26)
Scrolls
 c - 2 scrolls of teleportation {unknown}
 e - 5 scrolls of remove curse
 f - 2 scrolls of blinking {unknown}
 g - 3 scrolls of identify
 i - a scroll of magic mapping
 j - a scroll of recharging {unknown}
 o - 2 scrolls of enchant armour {unknown}
Potions
 d - 2 potions of agility {unknown}
 h - 2 potions of resistance {unknown}
 t - a potion of haste {unknown}
Books
 b - a book of Callings

   Spells                             Type                      Level
   a - Summon Small Mammal            Summoning                    1
   b - Call Imp                       Summoning                    2
   c - Call Canine Familiar           Summoning                    3
   d - Summon Guardian Golem          Hexes/Summoning              3
   e - Summon Lightning Spire         Summoning/Air                4
   f - Summon Ice Beast               Ice/Summoning                4
Comestibles
 m - a bread ration
 n - a meat ration
 p - a fruit
 q - 2 beef jerkies
 r - 5 chunks of flesh


   Skills:
 - Level 2.9 Dodging
 - Level 2.6 Stealth
 + Level 4.8 Spellcasting
 * Level 1.1 Hexes
 + Level 5.2 Summonings


You had 3 spell levels left.
You knew the following spells:

 Your Spells              Type           Power        Failure   Level  Hunger
a - Summon Small Mammal   Summ           ####         1%          1    None
b - Call Imp              Summ           ####....     1%          2    None
c - Summon Guardian Gole  Hex/Summ       ###.....     12%         3    ##.....
d - Call Canine Familiar  Summ           ####....     4%          3    ##.....


Dungeon Overview and Level Annotations

Branches:
Dungeon (4/15)
 Temple: D:4-7

Altars:
Elyvilon
Gozag
Qazlal
Yredelemnul

Annotations:
D:4 shakdrar's ghost, experienced DDFi


Message History

Your hound bites shakdrar's ghost.
Your hound bites shakdrar's ghost.
Your hound bites shakdrar's ghost.
Your hound closely misses shakdrar's ghost.
Shakdrar's ghost hits you.
* * * LOW HITPOINT WARNING * * *
Your hound bites shakdrar's ghost.
You see here 9 gold pieces.
You now have 214 gold pieces (gained 9).
Shakdrar's ghost completely misses you.
Your hound bites shakdrar's ghost but does no damage. x2
Your guardian golem disappears in a puff of smoke!
Your hound bites shakdrar's ghost.
Your hound closely misses shakdrar's ghost.
Your hound bites shakdrar's ghost but does no damage.
You are feeling hungry.
Your hound bites shakdrar's ghost but does no damage.
Your hound disappears in a puff of smoke!
Shakdrar's ghost hits you!
You die...

#.#..#.##........
#####.............# #
#........#........##.##
#.###<.................
#..........r......##..
#.###.#.#######...#
#.###.#.#######...#
.............##r..#
#..#...@.....##...# # ##
........W....##...#.#...
#..#.....ยง...##.......##
...........####.........
...........r...(........
#..####.###.............
#.. #.##..#####....... #.
#.##..# #....... #.##..#
........


You could see shakdrar's ghost and a rat.

Vanquished Creatures
  A bat (D:2)
1 creature vanquished.

Vanquished Creatures (collateral kills)
  The ghost of fungee the Shooter, a weakling HOHu (D:3)
  4 adders
  An ooze (D:1)
  3 worms
  4 giant geckos
  8 orcs (D:3)
  6 giant cockroaches
  8 goblins
  6 hobgoblins
  3 jackals (D:2)
  6 kobolds
  A ball python (D:1)
  5 bats
  4 giant newts
  2 gnoll zombies (D:2)
  A quokka (D:2)
  11 rats
74 creatures vanquished.

Vanquished Creatures (others)
  A guardian golem (D:3)
  9 bats
  16 quokkas
  6 rats
32 creatures vanquished.

Grand Total: 107 creatures vanquished

Notes
Turn   | Place    | Note
--------------------------------------------------------------
     0 | D:1      | masdan the Deep Elf Summoner began the quest for the Orb.
     0 | D:1      | Reached XP level 1. HP: 10/10 MP: 6/6
   184 | D:1      | Reached XP level 2. HP: 15/15 MP: 4/8
   188 | D:1      | Learned a level 2 spell: Call Imp
  1009 | D:2      | Found a white marble altar of Elyvilon.
  1016 | D:2      | Became a worshipper of Elyvilon the Healer
  1099 | D:2      | Found a basalt altar of Yredelemnul.
  1267 | D:2      | Found a stormy altar of Qazlal.
  1304 | D:2      | Reached XP level 3. HP: 19/19 MP: 10/10
  1309 | D:2      | Learned a level 3 spell: Summon Guardian Golem
  1885 | D:2      | Found a white marble altar of Elyvilon.
  1886 | D:2      | Acquired Elyvilon's first power
  2217 | D:3      | Reached skill level 5 in Summonings
  2257 | D:3      | Noticed fungee's ghost (weakling HOHu)
  2290 | D:3      | Killed fungee's ghost
  2290 | D:3      | Reached XP level 4. HP: 20/24 MP: 1/12
  2420 | D:3      | Upgraded the game from 0.17-a0-1105-gbe8b664 to 0.17-a0-1804-gf6433eb
  2429 | D:3      | Learned a level 3 spell: Call Canine Familiar
  2689 | D:3      | Found an opulent altar of Gozag.
  2832 | D:3      | Reached skill level 1 in Hexes
  3600 | D:4      | Noticed shakdrar's ghost (experienced DDFi)
  3653 | D:4      | Slain by shakdrar's ghost

Vault maps used:
D:1:      matt_arrival_refuge
D:2:      lemuel_zombie_altar_yredelemnul, elyvilon_altar_4, old_standard_altar,
          lemuel_tele_altar
D:3:      lemuel_coloured_pillars_altar, kennysheep_generic_room_15
D:4:      minmay_goblin_kobold_castle, serial_shops,
          nicolae_shop_competitors_out_of_business,
          hangedman_abyss_or_decor_passed

Action                   |  1- 3 |  4- 6 || total
-------------------------+-------+-------++-------
Melee: Unarmed           |     8 |     2 ||    10
 Cast: Summon Small Mamm |    64 |    25 ||    89
       Call Imp          |    24 |       ||    24
       Summon Guardian G |     6 |     4 ||    10
       Call Canine Famil |       |    13 ||    13
Invok: Lesser Healing    |     2 |       ||     2
Evoke: Wand              |       |     2 ||     2
  Use: Scroll            |     4 |       ||     4
 Stab: Sleeping          |     1 |       ||     1
  Eat: Bread ration      |     1 |       ||     1
       Chunk             |     1 |     4 ||     5
       Fruit             |       |     1 ||     1
